 Dungeon Crawl Stone Soup version bcrawl-1.37.2 (webtiles) character file.

Game seed: 11129724407862257734

75163 Mehrunes the Sneak (level 1, 0/15 HPs)
             Began as a Naga Wizard on Oct 24, 2022.
             Succumbed to a goblin's poison
             ... on level 1 of the Dungeon.
             The game lasted 00:00:59 (181 turns).

Mehrunes the Sneak (Naga Wizard)                     Turns: 181, Time: 00:00:59

Health: 0/15       AC:  3    Str:  9    XL:     1   Next: 70%
Magic:  1/4        EV:  9    Int: 18    God:
Gold:   0          SH:  0    Dex:  9    Spells: 5/6 levels left

rFire    . . .     GDR:     21% a - +0 staff
rCold    . . .     SeeInvis +   (no shield)
rNeg     . . .     Gourm    .   b - +0 robe
rPois    +         Faith    .   c - +0 hat
rElec    .         Spirit   .   (no cloak)
rCorr    .         Reflect  .   (no gloves)
MR       .....                  (no barding)
Stlth    ++........             (no amulet)
HPRegen  0.00/turn              (no ring)
MPRegen  0.09/turn              (no ring)

@: lethally poisoned (0 -> -14), very slow
A: large, tail, swims, yellow scales 1, see invisible, deformed body, poison
resistance, slowness 2, inhibited regeneration, slow metabolism 1, spit poison
1, AC +0
a: Spit Poison


You were on level 1 of the Dungeon.
You were not hungry.

You visited 1 branch of the dungeon, and saw 1 of its levels.

Inventory:

Hand Weapons
 a - a +0 staff (weapon)
Armour
 b - a +0 robe (worn)
 c - a +0 hat (worn)
Jewellery
 i - an uncursed amulet of rage {unknown}
Scrolls
 d - 2 scrolls of remove curse {unknown}
Potions
 f - a potion of brilliance
Comestibles
 e - a ration {!d}
 g - 4 chunks of flesh


   Skills:
 - Level 1.5 Dodging
 + Level 3.7 Stealth
 - Level 3.0 Spellcasting
 + Level 1.3 Conjurations
   Level 1.0 Summonings
   Level 1.0 Translocations


You had 5 spell levels left.
You knew the following spells:

 Your Spells              Type           Power        Failure   Level  Hunger
a - Magic Dart            Conj           #...         10%         1    None

Your spell library contained the following spells:

 Spells                   Type           Power        Failure   Level  Hunger
 Blink                    Tloc           N/A          16%         2    #......
 Call Imp                 Summ           #.....       16%         2    #......
 Conjure Flame            Conj/Fire      #.......     36%         3    ####...
 Mephitic Cloud           Conj/Pois/Air  #.......     38%         3    ####...
 Spider Form              Tmut/Pois      #..          43%         3    ####...


Dungeon Overview and Level Annotations

Branches:
Dungeon (1/12)

Altars:


Innate Abilities, Weirdness & Mutations

You cannot wear boots.
You can swim through water.
Your serpentine skin is tough. (AC +0)
You have supernaturally acute eyesight. (SInv)
Armour fits poorly on your strangely shaped body.
Your system is resistant to poisons. (rPois)
You cover ground very slowly.
You have a slow metabolism.
You can spit poison.
You are partially covered in yellow scales. (AC +2)
You do not regenerate when monsters are visible.


Message History

Confirm with . or Enter, or press ? or * to list all spells.
Aiming: Magic Dart (safe; 10% risk of failure)
Press: ? - help, Shift-Dir - straight line, f/p - goblin
Aim: a goblin, wielding a +1 dagger of venom (severely wounded)
The magic dart hits the goblin.
You kill the goblin!
You have got your breath back.
You feel sick. The goblin hits you.
* * * LOW HITPOINT WARNING * * *
It was a potion of mutation.
You feel extremely strange.
Your regeneration stops near monsters.
Yellow scales grow over part of your body.
* * * LOW HITPOINT WARNING * * *
You feel sick. The goblin hits you.
* * * LOW HITPOINT WARNING * * *
Unknown command.
Unknown command.
Unknown command.
Unknown command.
You die...

#.......# #. #.#.#...
####......# #. #.#.#<.#
.....g....###. #.#.#### .
#.......##.## #.#..... ..
#####.#.##..# #.######
#.##### ##..#.###.####.......
#.#...###..K#.#......#..#####
#...#..#..#g)...#.#.....#####
#..###...###@##.....#........
#...#..#..#..##.#.#.....##.##
#.....###..................#
####.## ##.########...#.#[##
##...###...###.......#.#.#
#..#.)#..#..##.......#.#.#
#.###...###.##.......#.#.#
#..#..#..#..##.........#.# #
##...###...#...........#.# #


You could see a goblin and a kobold.

Vanquished Creatures
  A bat (D:1)
  A frilled lizard (D:1)
  3 goblins (D:1)
5 creatures vanquished.

Notes
Turn   | Place    | Note
-------+----------+-------------------------------------------
     0 | D:1      | Mehrunes the Naga Wizard began the quest for the Orb.
     0 | D:1      | Reached XP level 1. HP: 15/15 MP: 4/4
   180 | D:1      | Gained mutation: You do not regenerate when monsters are
                  | visible. [potion of mutation]
   180 | D:1      | Gained mutation: You are partially covered in yellow
                  | scales. (AC +2) [potion of mutation]
   181 | D:1      | Succumbed to a goblin's poison

Action                   || total
-------------------------++-------
 Cast: Magic Dart        ||     7
 Abil: Spit Poison       ||     3
  Use: Potion            ||     1
Dodge: Dodged            ||     1
